 Dungeon Crawl Stone Soup version 0.31-b1-17-gcfd88c8481 (webtiles) character file.

Game seed: 3390251253891595604

10 jjjjhere the Ruffian (level 2, -3/21 HPs)
             Began as a Demonspawn Shapeshifter on Jan 16, 2024.
             Slain by a kobold
             ... wielding a +0 short sword of electrocution
              (18 damage)
             ... on level 1 of the Dungeon.
             The game lasted 00:01:04 (401 turns).

jjjjhere the Ruffian (Demonspawn Shapeshifter)       Turns: 401, Time: 00:01:05

Health: -3/21      AC:  6    Str: 14    XL:     2   Next: 10%
Magic:  2/2        EV:  9    Int: 10    God:
Gold:   38         SH:  0    Dex: 12    Spells: 1/1 levels left

rFire   . .          .
                       - Unarmed
rCold   . . .        (no shield)
rNeg    . . .        g - +0 scale mail
rPois   .            (helmet currently unavailable)
rElec   .            (cloak currently unavailable)
rCorr   .            (gloves currently unavailable)
SInv    .            (boots currently unavailable)
Will    .....        (no amulet) Stlth
                     (no ring)
HPRegen 0.23/turn    (no ring)
MPRegen 0.08/turn

%: no passive effects
@: beast-form
A: beast (slay +1), ignite blood 1
a: Begin Untransformation


You were on level 1 of the Dungeon.
You were a hulking beast.
You visited 1 branch of the dungeon, and saw 1 of its levels.

You collected 38 gold pieces.

Inventory:

Armour
 a - a +0 animal skin
 g - a +0 scale mail (worn)
Talismans
 c - a beast talisman
 d - a flux talisman
Potions
 b - 2 potions of lignification
 e - a potion of might {unknown}
 f - a potion of curing {unknown}


   Skills:
 - Level 1.0 Fighting
 - Level 1.7 Dodging
 + Level 3.0 Unarmed Combat
 + Level 3.0 Shapeshifting


You had one spell level left.
You didn't know any spells.
Your spell library was empty.

Dungeon Overview and Level Annotations

Branches:
Dungeon (1/15)

Altars:


Innate Abilities, Weirdness & Mutations

You are a hulking beast.
Your limbs bulge with bestial killing power. (Slay +1)
Your demonic aura sometimes causes spilled blood to erupt in flames.


Message History

You open the door.
There is an open door here.
You open the door.
There is an open door here.
You open the door.
There is an open door here.
You open the door.
There is an open door here.
You open the door.
There is an open door here.
You now have 38 gold pieces (gained 9).
Found a stone staircase leading down.
A kobold and an endoplasm come into view.
The kobold is wielding a +0 short sword of electrocution.
The kobold shouts!
The endoplasm quivers.
There are monsters nearby!
The kobold barely misses you.
You miss the kobold.
The kobold hits you with a +0 short sword of electrocution.
You are electrocuted!
Ouch! That really hurt!
Okay, then.
There are monsters nearby!
There are monsters nearby!
You hit the endoplasm but do no damage. The endoplasm freezes you.
You are frozen.
You hit the endoplasm.
The endoplasm is almost dead.
The endoplasm closely misses you.
You hit the endoplasm.
You kill the endoplasm!
Your Shapeshifting skill increases to level 3!
You hit the kobold. Your punch misses the kobold.
The kobold is moderately wounded.
The kobold hits you with a +0 short sword of electrocution.
You are electrocuted!!
Ouch! That really hurt!
You die...

########### #.........#
#.#######.# #.# #.######## ####.#
#....hK..# .....# ##########.#
.....# #.......J..# ##### .....#
#.####.K#### #...#.#
.....#####.#.....# #...#.#
####.......#####J#########...#.##
....................K...........#
.###############.#########...#...
.# #####...J...........#.


You could see a kobold.

Vanquished Creatures
  A ball python (D:1)
  An endoplasm (D:1)
  A giant cockroach (D:1)
  2 goblins (D:1)
  A hobgoblin (D:1)
  A quokka (D:1)
  A frilled lizard (D:1)
8 creatures vanquished.

Notes
Turn   | Place    | Note
-------+----------+-------------------------------------------
     0 | D:1      | jjjjhere the Demonspawn Shapeshifter began the quest for
                  | the Orb.
     0 | D:1      | Reached XP level 1. HP: 15/15 MP: 1/1
   173 | D:1      | Gained mutation: Your demonic aura sometimes causes spilled
                  | blood to erupt in flames. [demonic ancestry]
   173 | D:1      | Reached XP level 2. HP: 21/21 MP: 2/2
   401 | D:1      | Slain by a kobold

Illustrated notes

Levels and vault maps discovered:
D:1:      nicolae_arrival_somewhat_less_tricky_arrival, layout_basic,
          serial_forest, infiniplex_forest_clump_small,
          infiniplex_forest_straight_2, infiniplex_forest_end_3,
          infiniplex_forest_clump_double

Skill      XL: |  1  2 |
---------------+-------+-----
Unarmed Combat | 3 |  3.0
Shapeshifting  | 3 |  3.0
Fighting       | |  1.0
Dodging        | |  1.7

Action                     || total
---------------------------++-------
  Melee: Unarmed           ||    31
         Punch             ||     1
 Armour: Animal skin       ||     6
         Scale mail        ||     2
  Dodge: Dodged            ||    23
